Map: The Vermillion Problem

Players

monk

  • Race: Terran Terran
  • Spawn Location: 11:00

Curufinwe

  • Race: Terran Terran
  • Spawn Location: 11:00

VOD

Have the link to the VOD?

Description

Time

  • Played on: Sept. 16, 2017, 6:53 p.m.
  • Length: 24:42
Show
View Real Time Build Order
Export as new Build Order

monk Terran 

Build Orders:  

Get SALT Encoding   

  12  0:06  SCV  
  13  0:23  SCV  
  13  0:26  Supply Depot  
  14  0:39  SCV  
  15  0:41  Refinery  
  15  0:59  Refinery, SCV  
  16  1:16  SCV  
  17  1:33  SCV  
  19  1:50  SCV, Factory  
  19  2:07  SCV  
  20  2:24  SCV  
  22  2:40  Supply Depot  
  22  2:41  SCV  
  22  2:51  Factory Tech Reactor  
  22  2:55  Starport  
  22  2:58  SCV  
  23  3:15  SCV  
  23  3:18  Supply Depot  
  25  3:30  Factory Tech Reactor  
  25  3:32  SCV  
  25  3:49  SCV  
  26  3:53  Starport Tech Reactor  
  26  3:57  Siege Tank x2  
  32  4:00  Maelstrom Rounds  
  32  4:05  SCV  
  32  4:07  Hercules  
  36  4:16  Supply Depot  
  37  4:31  SCV  
  37  4:47  SCV  
  38  5:04  SCV  
  40  5:21  SCV  
  40  5:32  Command Center  
  40  5:38  SCV  
  41  5:55  SCV  
  43  6:02  SCV  
  43  6:07  Refinery  
  43  6:09  Refinery  
  44  6:12  SCV  
  44  6:19  SCV  
  45  6:22  Siege Tank  
  45  6:29  SCV  
  49  6:33  Siege Tank  
  51  6:45  SCV  
  51  6:46  SCV  
  54  7:02  SCV  
  54  7:04  Armory  
  54  7:05  Supply Depot  
  54  7:07  SCV  
  55  7:18  SCV  
  56  7:24  SCV  
  57  7:34  Upgrade Laser Drill Level 1  
  57  7:35  SCV  
  57  7:38  Terran Vehicle and Ship Weapons Level 1  
  58  7:44  SCV  
  59  7:54  SCV  
  61  8:01  SCV  
  61  8:08  Science Vessel x2  
  66  8:10  Improved Nano-Repair  
  66  8:11  SCV  
  66  8:19  SCV  
  67  8:29  Supply Depot  
  68  8:30  Supply Depot, SCV  
  68  8:36  SCV  
  69  8:44  Siege Tank  
  69  8:47  SCV, Siege Tank  
  76  8:52  SCV  
  77  9:04  SCV  
  77  9:09  SCV  
  79  9:10  Defensive Matrix  
  79  9:16  Supply Depot  
  80  9:21  SCV, Siege Tank  
  80  9:22  Supply Depot  
  80  9:28  Siege Tank  
  86  9:47  Supply Depot, SCV  
  87  9:58  Siege Tank  
  87  10:04  Siege Tank, SCV  
  87  10:06  Goliath x2  
  92  10:11  Factory  
  92  10:20  Siege Tank  
  92  10:25  Siege Tank  
  83  10:47  SCV  
  82  10:51  SCV  
  85  11:04  SCV  
  85  11:08  SCV  
  87  11:11  Hercules  
  91  11:22  SCV  
  91  11:25  SCV  
  91  11:27  Siege Tank  
  91  11:28  Siege Tank  
  91  11:29  Factory Tech Reactor  
  98  11:43  Upgrade Laser Drill Level 2  
  98  11:46  Terran Vehicle and Ship Weapons Level 2  
  100  11:50  SCV  
  100  11:52  SCV  
  100  11:58  Goliath  
  100  11:59  Goliath  
  102  12:07  SCV  
  100  12:15  Goliath x2  
  100  12:24  SCV  
  100  12:25  SCV  
  102  12:35  Goliath x2  
  102  12:38  Ares-Class Targeting System  
  102  12:39  Multi-Lock Weapons System  
  108  12:41  SCV  
  108  12:42  SCV  
  108  12:45  Supply Depot  
  108  12:47  Goliath, Supply Depot  
  110  13:15  Siege Tank x2  
  110  13:18  SCV x2  
  118  13:25  Devastation Turret  
  118  13:27  Devastation Turret  
  118  13:31  Siege Tank  
  118  13:32  Siege Tank  
  118  13:35  SCV  
  125  13:41  Supply Depot  
  125  13:43  Supply Depot  
  125  14:11  Siege Tank x2  
  131  14:21  Goliath, Siege Tank  
  131  14:26  Siege Tank  
  134  14:30  Supply Depot  
  134  14:31  Supply Depot  
  134  14:47  Goliath x2  
  134  14:48  Science Vessel x2  
  142  15:03  Terran Vehicle and Ship Weapons Level 3  
  142  15:12  Devastation Turret  
  142  15:14  Devastation Turret  
  142  15:16  Siege Tank  
  142  15:30  Goliath  
  142  15:31  Goliath  
  146  15:56  Siege Tank  
  147  16:02  Devastation Turret  
  147  16:03  Devastation Turret  
  147  16:04  Devastation Turret  
  147  16:05  Spinning Dizzy  
  147  16:10  Spinning Dizzy  
  147  16:15  Siege Tank x2  
  153  16:44  Siege Tank x2  
  153  16:45  Siege Tank  
  153  16:52  Goliath  
  153  16:53  Goliath  
  153  16:54  Siege Tank  
  153  16:57  Siege Tank  
  153  16:59  Supply Depot  
  157  17:08  Hercules  
  158  17:17  Supply Depot  
  164  17:25  Goliath  
  166  17:31  Goliath  
  166  17:34  SCV  
  166  17:37  Devastation Turret  
  170  17:51  SCV  
  170  18:08  SCV  
  171  18:18  Goliath  
  173  18:25  SCV  
  174  18:51  Advanced Optics  
  174  18:53  Supply Depot  
  174  18:56  Supply Depot  
  174  19:14  Goliath x4  
  180  19:46  Goliath x2, Siege Tank x2  
  180  19:47  Supply Depot  
  190  19:50  Supply Depot  
  176  20:24  Goliath x3  
  176  20:26  Goliath  
  184  20:40  Supply Depot  
  184  20:47  Siege Tank  
  179  20:51  Regenerative Bio-Steel  
  179  21:01  Goliath  
  179  21:03  Siege Tank  
  179  21:08  Goliath x3  
  188  21:33  Goliath  
  190  21:40  Goliath  
  190  22:05  Goliath x2  
  190  22:06  Goliath  
  197  22:12  Goliath, SCV, Siege Tank  
  199  22:29  SCV  
  200  22:35  Siege Tank  
Show
View Real Time Build Order
Export as new Build Order

Curufinwe Terran 

Build Orders:  

Get SALT Encoding   

Tags
 
Add a new tag
Caveats
  • Supply blocks, unpowered buildings, or Contaminate may cause inaccurate times.
  • Supply counts are checked every 10 seconds.